Map: Ulrena

Players

Reality - Winner!

  • Race: Terran Terran
  • League: Master

Solar

  • Race: Zerg Zerg
  • League: Master

Event: Team Gravity's Tournament of Champions #5

VOD

Have the link to the VOD?

Description

Time

  • Played on: Nov. 15, 2015, 8:57 p.m.
  • Length: 6:34

All games in this series

Show
View Real Time Build Order
Export as new Build Order

Reality Terran - Winner!

Build Orders: Hellion Opening, Reaper Expand 

Get SALT Encoding   

  12  0:00  SCV  
  13  0:12  SCV  
  14  0:19  Supply Depot  
  14  0:25  SCV  
  15  0:41  SCV  
  15  0:42  Barracks  
  16  0:44  Refinery  
  16  0:53  SCV  
  17  1:05  SCV  
  18  1:17  SCV  
  19  1:29  Orbital Command  
  19  1:30  Reaper  
  20  1:42  Command Center  
  20  1:54  Supply Depot  
  20  1:56  SCV  
  21  2:02  Marine  
  21  2:07  Factory  
  22  2:09  SCV  
  23  2:21  Barracks Reactor, SCV  
  24  2:33  SCV  
  25  2:38  Refinery  
  25  2:45  SCV  
  26  2:53  Orbital Command  
  26  2:57  SCV  
  26  2:58  Starport  
  27  3:02  Hellion x2  
  27  3:04  Marine  
  32  3:09  SCV  
  33  3:21  Marine  
  33  3:22  SCV  
  33  3:23  Hellion x2  
  40  3:27  Armory  
  40  3:33  Supply Depot  
  39  3:38  Medivac  
  41  3:43  Marine  
  41  3:47  Hellion  
  46  3:48  Hellion  
  47  3:55  SCV x2  
  47  4:00  Supply Depot  
  48  4:05  Barracks Tech Lab  
  48  4:07  SCV  
  48  4:08  SCV  
  50  4:10  Hellion  
  50  4:11  Hellion  
  50  4:15  Liberator  
  54  4:22  SCV x2  
  56  4:34  SCV x2  
  61  4:46  SCV  
  61  4:47  SCV  
  61  4:53  Siege Tank  
  61  4:58  SCV, Marine  
  62  5:00  SCV  
  62  5:01  Marine  
  62  5:08  Command Center  
  62  5:10  Supply Depot, SCV  
  62  5:13  SCV  
  60  5:16  Marine  
  60  5:18  Marine  
  61  5:25  SCV  
  61  5:27  SCV  
  59  5:29  Siege Tank  
  59  5:33  Supply Depot, Barracks  
  59  5:34  Barracks, Marine  
  63  5:36  Marine  
  63  5:38  Supply Depot  
  63  5:39  SCV x2  
  63  5:40  Supply Depot  
  66  5:45  Engineering Bay  
  66  5:51  Bunker  
  66  5:52  Marine  
  66  5:54  SCV x2, Marine  
  70  6:02  Siege Tank  
  72  6:06  SCV x2  
  72  6:09  Marine  
  71  6:12  Marine  
  67  6:18  SCV  
Show
View Real Time Build Order
Export as new Build Order

Solar Zerg 

Build Orders: Hatch First 

Get SALT Encoding   

  12  0:00  Drone  
  13  0:13  Overlord  
  13  0:18  Drone  
  14  0:31  Drone x2  
  14  0:35  Drone  
  17  0:53  Hatchery  
  17  0:55  Drone  
  17  0:58  Drone  
  18  1:05  Extractor  
  18  1:07  Drone  
  18  1:17  Spawning Pool  
  17  1:20  Drone  
  18  1:29  Drone  
  19  1:39  Overlord  
  19  2:04  Queen, Zergling x4  
  19  2:05  Queen  
  19  2:06  Metabolic Boost  
  25  2:09  Zergling x2  
  25  2:13  Drone  
  27  2:18  Drone  
  28  2:28  Drone  
  28  2:29  Drone  
  29  2:40  Drone  
  29  2:41  Queen  
  29  2:43  Overlord  
  32  2:46  Drone  
  32  2:48  Drone  
  34  2:54  Drone  
  35  3:04  Overlord  
  35  3:05  Drone  
  36  3:09  Drone  
  36  3:11  Drone  
  36  3:12  Drone x2  
  40  3:13  Drone x3  
  43  3:26  Hatchery  
  42  3:27  Drone  
  42  3:30  Drone  
  44  3:37  Roach Warren  
  44  3:38  Drone x2  
  45  3:45  Drone  
  45  3:47  Overlord x2  
  46  3:50  Overlord  
  46  3:53  Extractor  
  45  3:55  Drone  
  45  3:56  Drone, Extractor  
  45  3:58  Overlord  
  45  4:00  Drone  
  47  4:16  Roach x4  
  55  4:22  Roach x4  
  65  4:24  Roach  
  64  4:34  Roach x3  
  65  4:38  Zergling x2  
  65  4:39  Zergling x2  
  59  4:46  Roach  
  59  4:47  Zergling x2  
  58  4:53  Roach  
  58  4:56  Roach  
  58  4:59  Roach  
  55  5:04  Zergling x6  
  53  5:11  Zergling x4  
  54  5:16  Roach  
  54  5:24  Zergling x2  
  54  5:25  Zergling x4  
  55  5:30  Queen  
  55  5:34  Roach  
  59  5:42  Zergling x8  
  63  5:44  Ravager x2  
  63  5:46  Ravager  
  63  5:49  Zergling x2  
  68  5:50  Zergling x2  
  68  5:51  Ravager  
  69  6:09  Zergling x2  
  69  6:10  Zergling x10  

Tags
 
Add a new tag
Caveats
  • Supply blocks, unpowered buildings, or Contaminate may cause inaccurate times.
  • Supply counts are checked every 10 seconds.